 Dungeon Crawl Stone Soup version 0.30-a0-141-g30f27751c5 (webtiles) character file.

Game seed: 10856974635705653247

369 qw the Shield-Bearer (level 6, -7/37 HPs)
             Began as a Gargoyle Fighter on Sept 25, 2022.
             Was an Initiate of Okawaru.
             Killed by divine providence
             ... invoked by an orc priest
              (10 damage)
             ... on level 4 of the Dungeon.
             The game lasted 00:00:52 (2588 turns).

qw the Shield-Bearer (Gargoyle Fighter)             Turns: 2588, Time: 00:00:53

Health: -7/37      AC: 12    Str: 26    XL:     6   Next: 70%
Magic:  5/6        EV:  6    Int:  5    God:    Okawaru [......]
Gold:   124        SH:  0    Dex:  8    Spells: 5/5 levels left

rFire   . . .      SeeInvis .    a - +0 war axe (vamp)
rCold   . . .      Faith    .    h - +0 tower shield
rNeg    + . .      Spirit   .    b - +0 scale mail
rPois   inf        Reflect  .    o - +0 helmet
rElec   +          Harm     .    (no cloak)
rCorr   .          Rampage  .    (no gloves)
Will    .....                    (no boots)
Stlth   ..........               (no amulet)
HPRegen 0.12/turn                (no ring)
MPRegen 0.10/turn                (no ring)

@: confused, very slow
A: sickness immunity, AC +4, negative energy resistance 1, electricity
resistance, torment resistance 1, petrification resistance, dopey 1, screaming
1, strong 1
a: Renounce Religion


You were on level 4 of the Dungeon.
You worshipped Okawaru.
Okawaru was noncommittal.
You visited 1 branch of the dungeon, and saw 4 of its levels.

You collected 124 gold pieces.


Innate Abilities, Weirdness & Mutations

You are immune to sickness and miasma.
Your stone body is resilient. (AC +4)
You are immune to poison.
You resist negative energy. (rN+)
You are resistant to electric shocks. (rElec)
You are resistant to unholy torment.
You are immune to petrification.
You are dopey. (Int -2)
You occasionally shout uncontrollably at your foes.
Your muscles are strong. (Str +4, Int/Dex -1)


   Skills:
 - Level 3.3 Fighting
 - Level 5.0 Axes
 - Level 1.0 Throwing
 - Level 3.2 Armour
 + Level 5.3 Shields


You had 5 spell levels left.
You didn't know any spells.
Your spell library was empty.

Inventory:

Hand Weapons
 a - a +0 vampiric war axe (weapon)
 k - a +4 flail
Missiles
 f - 2 javelins (quivered)
Armour
 b - a +0 scale mail (worn)
 h - a +0 tower shield (worn)
 o - a +0 helmet (worn)
Potions
 c - a potion of curing {unknown}
 d - 2 potions of might
 g - a potion of invisibility {unknown}
 i - 3 potions of mutation
 j - a potion of brilliance {unknown}
 l - a potion of berserk rage {unknown}

Dungeon Overview and Level Annotations

Branches:
Dungeon (4/15)
 Temple: D:4-7

Altars:
Okawaru


Message History

A magic dart appears from out of thin air!
The magic dart hits you but does no damage.
You're too confused to attack without stumbling around!
There is a strange disturbance nearby!
You hear some strange, mumbled words.
You are more confused.
You're too confused to attack without stumbling around!
There is a strange disturbance nearby!
You feel like a meek peon again. Something hits you.
You're too confused to attack without stumbling around!
There is a strange disturbance nearby!
You hear some strange, mumbled words.
A magic dart appears from out of thin air!
The magic dart hits you but does no damage.
An orc priest comes into view. It is wielding a +0 flail.
The orc priest shouts!
Something hits you but does no damage.
Things that are here:
a +0 short sword; a +0 chain mail; an orc corpse You nearly stumble into some deep water!
An orc wizard appears from thin air!
Reactivating autopickup.
The orc wizard hits you but does no damage.
The orc priest calls upon Beogh to heal the orc wizard.
The orc wizard is healed somewhat.
You nearly stumble into some deep water!
The orc wizard points at you and mumbles some strange words.
The magic dart hits you.
An orc comes into view. It is wielding a +0 flail.
You nearly stumble into some deep water!
The orc shouts!
You hear a shout!
The orc wizard hits you but does no damage.
The orc priest mumbles some strange prayers to Beogh against you.
Beogh smites you!
You bump into the tree.
The orc wizard completely misses you.
The orc priest mumbles some strange prayers to Beogh against you.
Beogh smites you!
You die...

#..7~~P~~~~~
.....#....P~.~~~~ #.
.....#........... #.
.....#........... #..
...7P7~~...~~... #..
###~~~~~~~~~~~~~.
#..####.7~~~~~)~~~~P~~P
#........~~~~)~~~~~~P~~
#.........77~~o@~~~~P~~
#....<%.....777~~~P~~~P
+...............7~~~~PP
#.....<..).......~777~7
#..###...##....o### #
#.. #.).# ....o#
#..........#......
#..........#......
#..........# ..


You could see an orc priest, an orc wizard and an orc.

Vanquished Creatures
  A centaur (D:4)
  A phantom (D:4)
  A scorpion (D:3)
  An orc priest (D:3)
  An orc wizard (D:3)
  6 adders
  2 worms (D:3)
  3 dart slugs
  6 orcs
  3 endoplasms (D:1)
  2 giant cockroaches (D:1)
  2 hobgoblins (D:2)
  3 jackals (D:2)
  2 quokkas
  A ball python (D:2)
  3 bats
  3 goblins
  7 kobolds
  2 rats
50 creatures vanquished.

Vanquished Creatures (others)
  10 plants (D:4)
10 creatures vanquished.

Grand Total: 60 creatures vanquished

Notes
Turn   | Place    | Note
-------+----------+-------------------------------------------
     0 | D:1      | qw the Gargoyle Fighter began the quest for the Orb.
     0 | D:1      | Reached XP level 1. HP: 14/14 MP: 1/1
     0 | D:1      | 0 ||| qw: Version: 0.2-a-10-g399e6c4
     0 | D:1      | 0 ||| qw: Game counter: 159
     0 | D:1      | 0 ||| qw: Always use a shield: true
     0 | D:1      | 0 ||| qw: God list: Okawaru
     0 | D:1      | 0 ||| qw: Allow faded altars: false
     0 | D:1      | 0 ||| qw: Do Orc after D:15 true
     0 | D:1      | 0 ||| qw: Do second Lair branch before Depths: true
     0 | D:1      | 0 ||| qw: Lair rune preference: random
     0 | D:1      | 0 ||| qw: Plans: Normal, Zot:1-4, God:TSO, Crypt, Tomb,
                  | Pan, Slime:5, Hells, Abyss, Orb
     0 | D:1      | 0 ||| PLANNING D:1-11
   269 | D:1      | 269 ||| Stepping ~*~*~tactically~*~*~ (stealth).
   596 | D:1      | Reached XP level 2. HP: 14/19 MP: 2/2
   978 | D:1      | 978 ||| DROPPING +0 club.
  1051 | D:1      | 1051 ||| READING scroll labelled XIRIJA HYLE.
  1052 | D:1      | 1052 ||| DRINKING 2 grey potions.
  1133 | D:2      | Reached skill level 3 in Axes
  1133 | D:2      | Reached XP level 3. HP: 20/23 MP: 3/3
  1334 | D:2      | Reached skill level 1 in Throwing
  1465 | D:2      | 1465 ||| Stepping ~*~*~tactically~*~*~ (stealth).
  1486 | D:2      | 1486 ||| Stepping ~*~*~tactically~*~*~ (hiding).
  1573 | D:2      | Found a faded altar of an unknown god.
  1784 | D:2      | 1784 ||| READING scroll labelled XOISTR PETODOOL.
  1785 | D:2      | 1785 ||| READING scroll labelled LAENA GEXT.
  1786 | D:2      | 1786 ||| READING scroll labelled DIHECA RAILL.
  1787 | D:2      | 1787 ||| READING scroll labelled ANYL VOTOBBA.
  1788 | D:2      | 1788 ||| DRINKING 4 viscous grey potions.
  1788 | D:2      | Gained mutation: You occasionally shout uncontrollably at
                  | your foes. [potion of mutation]
  1788 | D:2      | Gained mutation: You are dopey. (Int -2) [potion of
                  | mutation]
  1788 | D:2      | Gained mutation: Your muscles are strong. (Str +4, Int/Dex
                  | -1) [potion of mutation]
  1815 | D:3      | Reached XP level 4. HP: 28/28 MP: 4/4
  1850 | D:3      | Reached XP level 5. HP: 32/32 MP: 5/5
  1852 | D:3      | 1852 ||| DROPPING +0 whip.
  2177 | D:3      | Found an iron altar of Okawaru.
  2178 | D:3      | 2178 ||| PLANNING OKAWARU WORSHIP
  2178 | D:3      | 2178 ||| UPGRADING to +0 tower shield.
  2188 | D:3      | 2188 ||| DROPPING +0 buckler.
  2189 | D:3      | 2189 ||| UPGRADING to +0 helmet.
  2194 | D:3      | 2194 ||| READING scroll labelled DUWIOR WIURUHOU.
  2198 | D:3      | 2198 ||| FLEEEEING.
  2199 | D:3      | 2199 ||| FLEEEEING.
  2200 | D:3      | 2200 ||| FLEEEEING.
  2201 | D:3      | 2201 ||| FLEEEEING.
  2202 | D:3      | 2202 ||| FLEEEEING.
  2203 | D:3      | 2203 ||| FLEEEEING.
  2204 | D:3      | 2204 ||| FLEEEEING.
  2205 | D:3      | 2205 ||| FLEEEEING.
  2206 | D:3      | 2206 ||| FLEEEEING.
  2207 | D:3      | 2207 ||| FLEEEEING.
  2208 | D:3      | 2208 ||| FLEEEEING.
  2209 | D:3      | 2209 ||| FLEEEEING.
  2210 | D:3      | 2210 ||| FLEEEEING.
  2220 | D:3      | 2220 ||| STAIRDANCE
  2222 | D:2      | 2222 ||| READING scroll labelled WYINERY CIMYQOEB.
  2323 | D:2      | 2323 ||| READING scroll labelled YLIJAO BAMAOWY.
  2324 | D:2      | 2324 ||| READING scroll labelled WIDDIE ANEMOT.
  2331 | D:3      | 2331 ||| FLEEEEING.
  2335 | D:3      | 2335 ||| STAIRDANCE
  2339 | D:3      | 2339 ||| STAIRDANCE
  2343 | D:3      | 2343 ||| STAIRDANCE
  2352 | D:3      | 2352 ||| STAIRDANCE
  2391 | D:3      | Became a worshipper of Warmaster Okawaru
  2392 | D:3      | 2392 ||| PLANNING D:1-11
  2527 | D:4      | 2527 ||| PLANNING OSSUARY
  2532 | D:4      | Noticed a centaur
  2533 | D:4      | 2533 ||| Stepping ~*~*~tactically~*~*~ (hiding).
  2535 | D:4      | 2535 ||| Stepping ~*~*~tactically~*~*~ (hiding).
  2536 | D:4      | 2536 ||| FLEEEEING.
  2537 | D:4      | Noticed a phantom
  2543 | D:4      | HP: 8/32 [phantom (5)]
  2544 | D:4      | 2544 ||| DRINKING potion of heal wounds.
  2545 | D:4      | Killed a centaur
  2546 | D:4      | Reached XP level 6. HP: 37/37 MP: 6/6
  2549 | D:4      | 2549 ||| Stepping ~*~*~tactically~*~*~ (stealth).
  2554 | D:4      | Reached * piety under Okawaru
  2555 | D:4      | 2555 ||| INVOKING Heroism.
  2573 | D:4      | 2573 ||| INVOKING Heroism.
  2587 | D:4      | HP: 3/37 [orc priest/divine providence (12)]
  2588 | D:4      | Killed from afar by an orc priest

Levels and vault maps discovered:
D:1:      giann_horns, layout_basic
D:2:      layout_loops_ring, basic_ecumenical_altar
D:3:      layout_rooms, okawaru_metal_pillars_1_2
D:4:      layout_gridville, lemuel_tele_altar, minmay_temple_entry_trees,
          serial_shops, kennysheep_little_box, enter_ossuary_3,
          serial_bayou_ford_a, minivault_14

Skill      XL: |  1  2  3  4  5  6 |
---------------+-------------------+-----
Axes           | 2 3 4 5 |  5.0
Throwing       | 1 |  1.0
Shields        | 4 5 |  5.3
Fighting       | |  3.3
Armour         | |  3.2

Action                   |  1- 3 |  4- 6 || total
-------------------------+-------+-------++-------
Melee: War axe           |    80 |    60 ||   140
Throw: Javelin           |    17 |    13 ||    30
Invok: Heroism           |       |     2 ||     2
  Use: Scroll            |     5 |     4 ||     9
       Potion            |     2 |     1 ||     3
Armor: Scale mail        |    37 |    66 ||   103
Dodge: Dodged            |    43 |    28 ||    71
Block: Buckler           |    10 |     8 ||    18
       Tower shield      |       |    30 ||    30

Table legend:
 A = Non-vault XP
 B = Vault XP
 C = Vault XP percentage of total XP
 D = Non-vault monster count
 E = Vault monster count
 F = Vault count percentage of total count
                 A         B        C        D         E       F
            +---------+---------+-------+---------+---------+-------
      Total |     528 |       0 |   0.0 |      50 |       0 |   0.0
            +---------+---------+-------+---------+---------+-------
        D:1 |      25 |       0 |   0.0 |      15 |       0 |   0.0
        D:2 |      56 |       0 |   0.0 |      11 |       0 |   0.0
        D:3 |     195 |       0 |   0.0 |      14 |       0 |   0.0
        D:4 |     252 |       0 |   0.0 |      10 |       0 |   0.0
            +---------+---------+-------+---------+---------+-------
